 Dungeon Crawl Stone Soup version 0.21.1-1-g345015fe64 (webtiles) character file.

72 Kejsarherre the Skirmisher (level 4, -1/52 HPs)
             Began as an Ogre Hunter on May 1, 2018.
             Slain by an adder (5 damage)
             ... on level 2 of the Dungeon.
             The game lasted 00:04:44 (1597 turns).

Kejsarherre the Skirmisher (Ogre Hunter)            Turns: 1597, Time: 00:04:46

Health: -1/52      AC:  3    Str: 16    XL:     4   Next: 25%
Magic:  4/4        EV: 10    Int: 13    God:
Gold:   70         SH:  0    Dex:  9    Spells: 3/3 levels left

rFire    . . .     SeeInvis .   a - +0 short sword
rCold    . . .     Gourm    .   (no shield)
rNeg     . . .     Faith    .   b - +0 robe
rPois    .         Spirit   .   (helmet restricted)
rElec    .         Reflect  .   (no cloak)
rCorr    .         Harm     .   (gloves unavailable)
MR       .....                  (boots unavailable)
Stlth    +.........             (no amulet)
HPRegen  0.17/turn              (no ring)
MPRegen  0.09/turn              (no ring)

@: lethally poisoned (-1 -> -2)
A: large, unfitting armour, tough skin 1
a: no special abilities


You were on level 2 of the Dungeon.
You were not hungry.

You visited 1 branch of the dungeon, and saw 2 of its levels.

You collected 70 gold pieces.

Inventory:

Hand Weapons
 a - a +0 short sword (weapon)
 l - a +1 dagger of electrocution
Armour
 b - a +0 robe (worn)
Jewellery
 i - an uncursed ring of teleportation
Scrolls
 g - a scroll of immolation {unknown}
 h - a scroll of random uselessness {unknown}
 j - a scroll of teleportation {unknown}
 k - a scroll of blinking {unknown}
 m - a scroll of identify
Potions
 e - a potion of flight
Comestibles
 f - 6 rations


   Skills:
 + Level 5.8 Fighting
 - Level 4.0 Throwing
 - Level 1.7 Dodging
 - Level 0.6 Stealth


You had 3 spell levels left.
You didn't know any spells.

Dungeon Overview and Level Annotations

Branches:
Dungeon (2/15)

Altars:

Annotations:
D:2 Sigmund


Innate Abilities, Weirdness & Mutations

You are too large for most types of armour.
You have tough skin. (AC +1)


Message History

You feel sick.
You feel sick.
You feel sick.
You feel sick.
There is an open door here.
You feel sick.
Throwing (i - inventory):
d - a throwing net (quivered)
Press: ? - help, Shift-Dir - straight line, f/p - adder
Aim: an adder You throw a throwing net.
The throwing net closely misses the adder.
The adder bites you.
* * * LOW HITPOINT WARNING * * *
Okay, then.
You feel sick. The adder bites you.
* * * LOW HITPOINT WARNING * * *
You hit the adder.
The adder is moderately wounded.
The adder bites you.
You die...

........# #######
#.#.#.### .....†..#
#.#...# ........#
##########.#####
........#
#.##........#.....#
......#(#
#.##.######.#####.#
......#.# #.##.#
#...# #.#
......#.## #.##.#
#.### #.#
#######..# #.##.#
#.# #.# #....#.#
#.##@# #.# #.#
#....#.## #.##S#
#.# #.# +....#..#
#(...#
#.#######.###
#....##.# #.####
#............
#....##.# #.#
#############
###.###.###'######
###.###.S#.......#
#.....##.#.......#
#.....##.#.......#


You could see an adder.

Vanquished Creatures
  Terence (D:2)
  An adder (D:2)
  2 oozes
  5 giant cockroaches
  6 hobgoblins (D:1)
  4 kobolds
  2 bats
  A frilled lizard (D:1)
  5 goblins (D:1)
  2 rats (D:1)
29 creatures vanquished.

Notes
Turn   | Place    | Note
-------+----------+-------------------------------------------
     0 | D:1      | Kejsarherre the Ogre Hunter began the quest for the Orb.
     0 | D:1      | Reached XP level 1. HP: 22/22 MP: 1/1
    30 | D:1      | Reached skill level 3 in Fighting
   169 | D:1      | Reached XP level 2. HP: 30/32 MP: 2/2
   241 | D:1      | Reached skill level 4 in Fighting
   499 | D:1      | Reached XP level 3. HP: 40/40 MP: 3/3
   893 | D:2      | Noticed Terence
   898 | D:2      | Killed Terence
   898 | D:2      | Reached skill level 5 in Fighting
   899 | D:2      | Noticed Sigmund
  1196 | D:2      | Reached XP level 4. HP: 26/52 MP: 4/4
  1597 | D:2      | Slain by an adder

Skill      XL: |  1  2  3 |
---------------+----------+-----
Fighting       | 3 4 5 |  5.8
Throwing       | |  4.0
Dodging        | |  1.7
Stealth        | |  0.6

Action                   |  1- 3 |  4- 6 || total
-------------------------+-------+-------++-------
Melee: Short sword       |    94 |    17 ||   111
Throw: Large rock        |     5 |     1 ||     6
       Throwing net      |       |     2 ||     2
  Use: Scroll            |     4 |       ||     4
 Stab: Sleeping          |     1 |       ||     1
  Eat: Chunk             |       |     2 ||     2
Armor: Robe              |    36 |     5 ||    41
Dodge: Dodged            |    62 |    11 ||    73
